Map: Ciénaga EJ

Players

Drizzt

  • Race: Zerg Zerg
  • Spawn Location: 5:00

IA (Muy fácil) 1 - Winner!

  • Race: Zerg Zerg
  • Spawn Location: 11:00

VOD

Have the link to the VOD?

Description

Time

  • Played on: May 15, 2018, 12:03 p.m.
  • Length: 5:42
Show
View Real Time Build Order
Export as new Build Order

Drizzt Zerg 

Build Orders: Pool First 

Get SALT Encoding   

  12  0:01  Drone  
  13  0:08  Drone  
  13  0:14  Extractor  
  13  0:16  Drone  
  14  0:35  Spawning Pool  
  14  0:37  Drone  
  14  0:41  Extractor  
  13  0:43  Drone  
  15  0:50  Overlord  
  15  1:09  Drone x2  
  15  1:11  Drone  
  18  1:22  Queen  
  20  1:27  Overlord  
  20  1:33  Metabolic Boost  
  20  1:43  Zergling x4  
  22  1:58  Baneling Nest  
  21  2:06  Drone x2  
  23  2:19  Hatchery  
  22  2:26  Queen  
  22  3:17  Roach Warren, Drone x2  
  23  3:33  Queen  
  25  3:37  Lair  
  25  3:46  Evolution Chamber  
  25  3:47  Extractor  
  25  3:48  Drone x3, Evolution Chamber  
  25  3:57  Extractor, Drone x3  
  28  4:02  Drone  
  28  4:03  Drone x3  
  31  4:16  Extractor  
  30  4:30  Drone x3  
  33  4:33  Drone x2  
  35  4:47  Drone  
  35  4:50  Overlord  
  36  4:57  Overlord  
  36  5:14  Drone x4  
  38  5:18  Drone x2  
  42  5:29  Drone x4  
  42  5:30  Drone  
Show
View Real Time Build Order
Export as new Build Order

IA (Muy fácil) 1 Zerg - Winner!

Build Orders: Hatch First 

Get SALT Encoding   

  12  0:01  Drone  
  13  0:12  Overlord  
  13  0:17  Drone  
  14  0:44  Hatchery  
  14  0:45  Drone  
  14  1:03  Spawning Pool  
  13  1:05  Drone  
  13  1:09  Extractor  
  13  1:13  Drone  
  14  1:21  Overlord  
  14  1:50  Zergling x2  
  14  1:52  Queen, Zergling x2  
  18  2:00  Roach Warren  
  17  2:04  Drone  
  18  2:10  Extractor  
  18  2:13  Drone  
  18  2:18  Zergling x2  
  18  2:22  Drone  
  21  2:30  Drone  
  22  2:37  Drone  
  23  2:44  Drone  
  22  2:51  Drone  
  23  2:59  Drone  
  23  3:05  Roach  
  26  3:06  Drone  
  27  3:13  Drone  
  27  3:16  Overlord  
  28  3:21  Drone  
  29  3:28  Drone  
  30  3:36  Drone  
  31  3:43  Drone  
  32  3:50  Drone  
  32  3:51  Overlord  
  32  3:52  Roach  
  35  3:57  Drone  
  35  4:01  Lair  
  36  4:04  Drone  
  37  4:12  Drone  
  38  4:19  Drone  
  39  4:26  Drone  
  40  4:33  Drone  
  40  4:34  Overlord  
  41  4:39  Roach  
  41  4:40  Drone  
  44  4:47  Drone  
  45  4:55  Drone  
  45  4:58  Overseer  
  45  4:59  Overseer  
  46  5:02  Drone  
  46  5:03  Extractor  
  46  5:09  Extractor, Drone  
  46  5:16  Drone  
  47  5:24  Drone  
Tags
 
Matchup
ZvZ
Race
Zerg
Spawn Locations
Cross Positions
Add a new tag
Caveats
  • Supply blocks, unpowered buildings, or Contaminate may cause inaccurate times.
  • Supply counts are checked every 10 seconds.